 Dungeon Crawl Stone Soup version 0.23.2 (webtiles) character file.

Game seed: 4931801836797804179

51 whitdemon the Skirmisher (level 3, -3/30 HPs)
             Began as a Demonspawn Berserker on Apr 10, 2019.
             Was a Believer of Trog.
             Slain by a gnoll
             ... wielding a +0 spear
              (6 damage)
             ... on level 2 of the Dungeon.
             The game lasted 00:09:24 (1083 turns).

whitdemon the Skirmisher (Demonspawn Berserker)     Turns: 1083, Time: 00:09:27

Health: -3/30      AC:  2    Str: 18    XL:     3   Next: 57%
Magic:  0/3        EV: 12    Int:  8    God:    Trog [**....]
Gold:   111        SH:  0    Dex: 12    Spells: 2/2 levels left

rFire    . . .     SeeInvis .   a - +0 hand axe
rCold    . . .     Gourm    .   (no shield)
rNeg     . . .     Faith    .   b - +0 animal skin
rPois    .         Spirit   +   (helmet restricted)
rElec    .         Reflect  .   (no cloak)
rCorr    .         Harm     .   (no gloves)
MR       .....                  e - +0 pair of boots
Stlth    ++........             (no amulet)
HPRegen  0.10/turn              (no ring)
MPRegen  0.08/turn              (no ring)

@: no status effects
A: horns 1, talons 1, deformed body, evolution 1, magic shield
a: Berserk, Trog's Hand, Renounce Religion


You were on level 2 of the Dungeon.
You worshipped Trog.
Trog was pleased with you.
You were hungry.

You visited 1 branch of the dungeon, and saw 2 of its levels.

You collected 111 gold pieces.

Inventory:

Hand Weapons
 a - a +0 hand axe (weapon)
Armour
 b - a +0 animal skin (worn)
 e - a +0 pair of boots (worn)
Jewellery
 h - an uncursed ring of wizardry
Scrolls
 f - a scroll of amnesia
 g - 3 scrolls of identify
 i - a scroll of magic mapping {unknown}
Potions
 d - a potion of flight
Comestibles
 c - 3 rations


   Skills:
 + Level 3.7 Fighting
 + Level 3.3 Axes
 + Level 1.8 Armour
 + Level 1.8 Dodging
 + Level 1.0 Stealth


You had 2 spell levels left.
You didn't know any spells.
Your spell library was empty.

Dungeon Overview and Level Annotations

Branches:
Dungeon (2/15)

Altars:
Nemelex Xobeh


Innate Abilities, Weirdness & Mutations

When hurt, damage is shared between your health and your magic reserves.
You have a pair of small horns on your head.
You have sharp toenails.
Armour fits poorly on your strangely shaped body.
You evolve.


Message History

The gnoll hits you from afar with a +0 spear.
You hit the gnoll. Your headbutt misses the gnoll.
The gnoll is lightly wounded.
The gnoll barely misses you. The gnoll hits you!
The gnoll hits you from afar with a +0 spear.
* * * LOW HITPOINT WARNING * * *
You are feeling hungry.
There is a stone staircase leading up here.
Things that are here:
a +0 club; a hobgoblin corpse
There is a sparkling altar of Nemelex Xobeh here.
The gnoll barely misses you. The gnoll hits you.
You barely miss the gnoll.
The gnoll hits you from afar with a +0 spear.
* * * LOW HITPOINT WARNING * * *
The gnoll hits you.
* * * LOW HITPOINT WARNING * * *
The gnoll hits you from afar with a +0 spear!
You die...

#l# ##g## ####.#.##
######## #...###..
#......# #.##.#.##
#.####.# #.###.##
#....#.########.# #.#
#..#............# #.#
#..###@########## #r#
#..###g############l#
##.....gr............#
#...###>.l....#.#.##.#
#.###....(....†.#.##.###
#.# #.####.####.#...r...
#####.###.#
#.####....))###
#.......#.# ##...##...l#.#
#.###.#...###....##......#


You could see 2 gnolls, a frilled lizard and a rat.

Vanquished Creatures
  A gnoll (D:2)
  An ooze (D:1)
  2 dart slugs (D:1)
  A leopard gecko (D:1)
  6 bats
  A giant cockroach (D:1)
  4 hobgoblins
  4 kobolds
  5 frilled lizards
  6 goblins
31 creatures vanquished.

Notes
Turn   | Place    | Note
-------+----------+-------------------------------------------
     0 | D:1      | whitdemon the Demonspawn Berserker began the quest for the
                  | Orb.
     0 | D:1      | Reached XP level 1. HP: 18/18 MP: 1/1
    83 | D:1      | Gained mutation: When hurt, damage is shared between your
                  | health and your magic reserves. [demonic ancestry]
    83 | D:1      | Reached XP level 2. HP: 20/24 MP: 2/2
   431 | D:1      | Reached ** piety under Trog
   510 | D:1      | Reached XP level 3. HP: 29/29 MP: 3/3
   915 | D:2      | Found a sparkling altar of Nemelex Xobeh.
   949 | D:2      | Gained mutation: You have a pair of small horns on your
                  | head. [potion of mutation]
   949 | D:2      | Gained mutation: You evolve. [potion of mutation]
   949 | D:2      | Gained mutation: Armour fits poorly on your strangely
                  | shaped body. [potion of mutation]
   949 | D:2      | Gained mutation: You have sharp toenails. [potion of
                  | mutation]
  1034 | D:2      | Reached skill level 1 in Stealth
  1083 | D:2      | Slain by a gnoll

Skill      XL: |  1  2  3 |
---------------+----------+-----
Axes           | 3 |  3.3
Stealth        | 1 |  1.0
Fighting       | |  3.7
Armour         | |  1.8
Dodging        | |  1.8

Action                   || total
-------------------------++-------
Melee: Hand axe          ||    81
       Headbutt          ||     1
  Use: Potion            ||     3
       Scroll            ||     3
 Stab: Sleeping          ||     1
Armor: Animal skin       ||    19
Dodge: Dodged            ||    56
